 Dungeon Crawl Stone Soup version 0.30-a0-311-gf115ab0292 (webtiles) character file.

Game seed: 10577162492701531329

94 Kirkhe the Covered (level 5, -5/46 HPs)
             Began as a Meteoran Fighter on Oct 25, 2022.
             Slain by an ogre
             ... wielding a +0 giant spiked club
              (9 damage)
             ... on level 3 of the Dungeon.
             The game lasted 00:02:42 (1320 turns).

Kirkhe the Covered (Meteoran Fighter)               Turns: 1320, Time: 00:02:43

Health: -5/46      AC: 12    Str: 19    XL:     5   Next: 17%
Magic:  6/6        EV:  9    Int:  9    God:
Gold:   104        SH:  5    Dex: 14    Spells: 4/4 levels left

rFire   . . .      SeeInvis .    a - +0 war axe
rCold   . . .      Faith    .    c - +0 buckler
rNeg    . . .      Spirit   .    b - +0 scale mail
rPois   .          Reflect  .    (no helmet)
rElec   .          Harm     .    o - +0 cloak
rCorr   .          Rampage  .    (no gloves)
Will    .....                    (no boots)
Stlth   ..........               (no amulet)
HPRegen 0.27/turn                n - +4 ring of protection
MPRegen 0.10/turn                (no ring)

@: glowing
A: sense surroundings 1, otherworldly, glowing, explore regen
a: no special abilities


You were on level 3 of the Dungeon.
You visited 1 branch of the dungeon, and saw 3 of its levels.

You collected 104 gold pieces.

Inventory:

Hand Weapons
 a - a +0 war axe (weapon)
Armour
 b - a +0 scale mail (worn)
 c - a +0 buckler (worn)
 o - a +0 cloak (worn)
Jewellery
 n - a +4 ring of protection (left hand)
Scrolls
 h - a scroll of fear {unknown}
 i - a scroll of brand weapon
 k - a scroll of poison {unknown}
Potions
 d - a potion of might
 e - a potion of haste
 f - a potion of flight
 g - a potion of heal wounds {unknown}
 j - a potion of brilliance
 l - a potion of invisibility {unknown}
 m - a potion of curing {unknown}


   Skills:
 + Level 3.9 Fighting
 + Level 4.0 Axes
 + Level 4.3 Armour
 + Level 0.5 Dodging
 + Level 4.2 Shields


You had 4 spell levels left.
You didn't know any spells.
Your spell library contained the following spells:

 Spells                   Type           Power      Damage    Failure   Level
 Ensorcelled Hibernation  Hex/Ice        0%         N/A       93%         2
 Passwall                 Tmut/Erth      0%         N/A       93%         2
 Swiftness                Air            0%         N/A       99%         3
 Freezing Cloud           Conj/Ice/Air   0%         6-21      100%        5
 Simulacrum               Ice/Necr       0%         N/A       100%        6
 Polar Vortex             Ice            0%         N/A       100%        9


Dungeon Overview and Level Annotations

Branches:
Dungeon (3/15) Zot: 428

Altars:
Qazlal


Innate Abilities, Weirdness & Mutations

You passively map a small area around you.
You are easily found by Zot.
You glow in the dark.
You regain HP and MP as you explore.


Message History

You closely miss the adder.
The adder is severely wounded.
The adder bites you but does no damage. The adder barely misses you.
You hit the adder but do no damage.
The adder is severely wounded.
The adder barely misses you.
You closely miss the adder.
The adder is severely wounded.
The adder bites you. You block the adder's attack.
You barely miss the adder.
The adder is severely wounded.
The adder bites you but does no damage. You block the adder's attack.
You slash the adder!
You kill the adder!
Your Axes skill increases to level 4!
No target in view!
No target in view!
Found a stone staircase leading down.
You open the door.
There is an open door here.
You open the door.
There is an open door here.
An ogre comes into view. It is wielding a +0 giant spiked club.
The ogre shouts!
You hit the ogre but do no damage. You block the ogre's attack.
You hit the ogre.
The ogre is lightly wounded.
The ogre hits you with a +0 giant spiked club!!
You barely miss the ogre.
The ogre is lightly wounded.
The ogre hits you with a +0 giant spiked club!!
Ouch! That really hurt!
* * * LOW HITPOINT WARNING * * *
You are too injured to fight recklessly!
Okay, then.
Okay, then.
You barely miss the ogre.
The ogre is lightly wounded.
The ogre hits you with a +0 giant spiked club!
You die...

*### # # ..# ** #
* * #.**#.# , * #
, ##.###.# * #
#....#.#####.####
, #
#.....@O.....# ##
###
#.....###.##.# *
#. .....##...## *
#. #.....## , #.
#####.# * #. #.#
#. #. ##'## #.#
### #. , ##...##
#.. ..# #.
##.....## #.##
#.# ##


You could see an ogre.

Vanquished Creatures
  6 adders
  2 dart slugs
  2 endoplasms (D:1)
  2 giant cockroaches (D:2)
  6 goblins
  3 hobgoblins
  2 jackals (D:2)
  8 ball pythons
  A bat (D:2)
  3 frilled lizards
  2 rats (D:3)
  A spectral hobgoblin (D:1)
38 creatures vanquished.

Vanquished Creatures (others)
  4 fungi (D:2)
  6 plants (D:2)
10 creatures vanquished.

Grand Total: 48 creatures vanquished

Notes
Turn   | Place    | Note
-------+----------+-------------------------------------------
     0 | D:1      | Kirkhe the Meteoran Fighter began the quest for the Orb.
     0 | D:1      | Reached XP level 1. HP: 19/19 MP: 2/2
    74 | D:1      | Reached XP level 2. HP: 26/26 MP: 3/3
   464 | D:1      | Found a faded altar of an unknown god.
   493 | D:1      | Glimpsed the power of Zot.
   622 | D:2      | Reached XP level 3. HP: 13/31 MP: 4/4
   640 | D:2      | Found a stormy altar of Qazlal.
   829 | D:2      | Reached XP level 4. HP: 38/40 MP: 5/5
  1059 | D:2      | Glimpsed the power of Zot.
  1133 | D:3      | Reached XP level 5. HP: 45/46 MP: 6/6
  1314 | D:3      | Noticed an ogre
  1320 | D:3      | Slain by an ogre

Illustrated notes

Levels and vault maps discovered:
D:1:      dpeg_arrival_arbitrary_a, layout_rooms,
          dreamdust_ecumenical_altar_drowned_temple
D:2:      layout_loops_ring, basic_altar, chequers_big_river,
          minmay_shallow_snake_nest
D:3:      layout_loops_corners, kennysheep_generic_room_7, uniq_ijyb

Skill      XL: |  1  2  3  4  5 |
---------------+----------------+-----
Armour         | 4 |  4.3
Shields        | 4 |  4.2
Axes           | 3 4 |  4.0
Fighting       | |  3.9
Dodging        | |  0.5

Action                   |  1- 3 |  4- 6 || total
-------------------------+-------+-------++-------
Melee: War axe           |    64 |    47 ||   111
  Use: Scroll            |     4 |     1 ||     5
Armor: Scale mail        |    48 |    26 ||    74
Dodge: Dodged            |    29 |    18 ||    47
Block: Buckler           |    23 |    16 ||    39

Table legend: (Time is in decaauts)
 A = Elapsed time spent in this place.
 B = Non-inter-level travel time spent in this place.
 C = Inter-level travel time spent in this place.
 D = Time resting spent in this place.
 E = Time spent auto-exploring this place.
 F = Levels seen in this place.
 G = Mean time per level.
                   A        B        C        D        E       F      G
               +--------+--------+--------+--------+--------+-----+--------+
         Total |   1370 |   1324 |     46 |      0 |    977 |   3 |  456.7 |
       Dungeon |   1370 |   1324 |     46 |      0 |    977 |   3 |  456.7 |
               +--------+--------+--------+--------+--------+-----+--------+

Top non-repeatable levels by time:
     D:2: 591 daAuts
     D:1: 536 daAuts
     D:3: 242 daAuts
